 Dungeon Crawl Stone Soup version 0.17-a0-1528-gfee3901 (webtiles) character file.

27552 HEYYEYAAE the Fighter (level 13, -19/122 HPs)
             Began as a Black Draconian Berserker on July 15, 2015.
             Was the Champion of Trog.
             Demolished by a scimitar of slicing (29 damage)
             ... on level 2 of the Elven Halls.
             The game lasted 00:38:24 (14479 turns).

HEYYEYAAE the Fighter (Black Draconian Berserker)  Turns: 14479, Time: 00:38:24

Health: -19/122    AC: 13    Str: 29    XL:     13   Next: 5%
Magic:  19/19      EV: 25    Int:  7    God:    Trog [******]
Gold:   577        SH: 12    Dex: 21    Spells: 0 memorised, 12 levels left

rFire  . . .     SeeInvis .     m - +4 arc blade {discharge, rElec}
rCold  . . .     Clarity  .     (armour unavailable)
rNeg   + . .     SustAt   .     R - +5 buckler "Bij Ysa" {rN+}
rPois  +         Gourm    .     K - +2 hat
rElec  +         Spirit   .     v - +0 cloak
rCorr  +         Warding  .     F - +0 pair of gloves
rMut   .         Stasis   .     p - +0 pair of boots
MR     ++...                    T - amulet of resist corrosion
Stlth  +++++.....               N - ring of poison resistance
                                n - +4 ring of dexterity

@: mighty, agile, about to teleport, very slightly contaminated, regenerating,
hasted, very quick, very resistant to hostile enchantments, quite stealthy
A: breathe lightning, unfitting armour, stinger 1, electricity resistance,
cold-blooded, AC +8
a: Breathe Lightning, Burn Spellbooks, Berserk, Trog's Hand, Brothers in Arms,
Renounce Religion


You were on level 2 of the Elven Halls.
You worshipped Trog.
Trog was exalted by your worship.
You were very hungry.

You visited 3 branches of the dungeon, and saw 16 of its levels.

You collected 1840 gold pieces.
You spent 1263 gold pieces at shops.

Inventory:

Hand weapons
 h - a +4 antimagic falchion
 m - the +4 arc blade (weapon) {discharge, rElec}
   (You found it on level 4 of the Dungeon)

   It insulates you from electricity.
 M - a +4 double sword of electrocution
Armour
 p - a +0 pair of boots (worn)
 v - a +0 cloak (worn)
 F - a +0 pair of gloves (worn)
 K - a +2 hat (worn)
 R - the +5 buckler "Bij Ysa" (worn) {rN+}
   (You found it on level 9 of the Dungeon)

   It protects you from negative energy.
Jewellery
 k - an uncursed ring of see invisible
 n - a +4 ring of dexterity (left hand)
 r - an uncursed ring of ice
 u - an uncursed ring of flight
 N - a ring of poison resistance (right hand)
 T - an amulet of resist corrosion (around neck)
Magical devices
 y - a wand of confusion (27)
 z - a wand of cold (0)
 I - a wand of random effects (30)
 L - a wand of teleportation (4)
 S - a wand of fireball (3)
 U - a wand of confusion (13)
Scrolls
 c - 4 scrolls of remove curse
 f - 3 scrolls of amnesia
 q - 2 scrolls of teleportation
 H - a scroll of summoning {unknown}
 J - a scroll of vulnerability {unknown}
 W - a scroll of fear {unknown}
Potions
 a - 2 potions of agility
 e - 2 potions of flight
 g - 3 potions of haste
 s - 2 potions of magic
 A - a potion of mutation {unknown}
 D - 4 potions of might
 G - a potion of berserk rage {unknown}
 O - a potion of cancellation
 P - 2 potions of poison {unknown}
 Q - a potion of ambrosia
Comestibles
 b - 4 bread rations
 i - 4 beef jerkies
 o - 4 meat rations
 E - 29 fruits


   Skills:
 * Level 13.6 Fighting
 + Level 7.8(8.4) Short Blades
 - Level 4.8(7.0) Long Blades
 + Level 8.5 Dodging
 + Level 8.6 Stealth
 + Level 7.4 Shields
 + Level 8.1 Evocations


You had 12 spell levels left.
You didn't know any spells.

Dungeon Overview and Level Annotations

Branches:
Dungeon (10/15)            Temple (0/1) D:7             Orc (4/4) D:10
    Elf (2/3) Orc:4
   Lair: D:8-11

Altars:
Ashenzari
Cheibriados
Elyvilon
Makhleb
Nemelex Xobeh
Okawaru
Ru
Trog
Vehumet
Beogh

Shops:
Orc:4 :=(!


Innate Abilities, Weirdness & Mutations

You can breathe wild blasts of lightning.
Your glossy black scales are hard (AC +8).
Your body does not fit into most forms of armour.
You are resistant to electric shocks.
You are cold-blooded and may be slowed by cold attacks.
Your tail ends in a poisonous barb.


Message History

You have got your breath back.
Your surroundings suddenly seem different.
A dancing weapon, a deep elf conjurer and a deep elf priest come into view.
Unknown command.
Read which item? (? for menu, Esc to quit)
As you read the scroll of teleportation, it crumbles to dust.
You feel strangely unstable.
You block the scimitar of slicing's attack.
The scimitar of holy wrath barely misses you.
Drink which item? (? for menu, Esc to quit)
Okay, then.
Drink which item? (? for menu, Esc to quit)
You feel agile all of a sudden.
The deep elf blademaster shouts!
The scimitar of slicing hits you.
* * * LOW HITPOINT WARNING * * *
x2 The deep elf conjurer moves out of view.
You block the scimitar of holy wrath's attack.
The scimitar of slicing hits you!!
You die...

.............
#..e........
##.........## #..
##...........###...
#.............#...#
..................#
...........e.......
.......@.(e........
........(..........
...................
...................
..................#
......e...........#
..................#
...................
................


You could see a deep elf blademaster, a deep elf conjurer, 2 deep elf priests
and 2 dancing weapons.

Vanquished Creatures
  Saint Roka (Orc:4)
  6 orc high priests (Orc:4)
  Sonja (Orc:2)
  3 deep elf knights
  An unseen horror (shapeshifter) (Elf:2)
  4 deep elf conjurers
  2 orc knights (Orc:4)
  4 orc sorcerers (Orc:4)
  4 trolls
  A deep elf priest (Elf:1)
  3 two-headed ogres (Orc:4)
  A hungry ghost (D:6)
  5 deep elf magi
  A wyvern (D:9)
  A steam dragon (D:9)
  6 deep elf fighters
  A hippogriff (D:10)
  2 wargs
  44 orc warriors
  8 ogres
  A black bear (D:10)
  A water moccasin (D:6)
  A big kobold (D:8)
  A centaur (D:5)
  2 giant frogs
  2 gnoll sergeants
  8 scorpions
  6 wights
  10 killer bees (D:9)
  A quasit (D:10)
  7 hounds
  2 crimson imps
  A giant frog zombie (D:8)
  An iguana (D:9)
  34 orc priests
  21 orc wizards
  Crazy Yiuf (D:4)
  A centaur skeleton (D:6)
  12 worker ants
  A hound zombie (D:5)
  13 gnolls
  10 adders
  5 oozes
  An adder skeleton (D:5)
  3 worms
  4 giant geckos
  275 orcs
  11 giant cockroaches
  27 goblins
  24 hobgoblins
  9 jackals
  12 kobolds
  4 quokkas
  3 ball pythons
  14 bats
  3 giant newts
  16 rats
647 creatures vanquished.

Vanquished Creatures (collateral kills)
  A deep elf priest (Elf:2)
  2 deep elf fighters (Elf:2)
  A deep elf mage (Elf:2)
4 creatures vanquished.

Grand Total: 651 creatures vanquished

Notes
Turn   | Place    | Note
--------------------------------------------------------------
     0 | D:1      | HEYYEYAAE the Draconian Berserker began the quest for the Orb.
     0 | D:1      | Reached XP level 1. HP: 19/19 MP: 1/1
   143 | D:1      | Reached XP level 2. HP: 26/26 MP: 2/2
   356 | D:1      | Found a shattered altar of Ashenzari.
   534 | D:1      | Reached skill level 4 in Fighting
   582 | D:1      | Acquired Trog's second power
   582 | D:1      | Reached XP level 3. HP: 24/33 MP: 3/3
   664 | D:2      | Reached skill level 1 in Stealth
   990 | D:2      | HP: 1/33 [gnoll/flail of protection (11)]
  1011 | D:2      | Reached XP level 4. HP: 15/41 MP: 4/4
  1580 | D:2      | Found an iron altar of Okawaru.
  1941 | D:2      | Reached XP level 5. HP: 45/47 MP: 5/5
  2547 | D:3      | Reached skill level 5 in Fighting
  2594 | D:3      | Reached XP level 6. HP: 26/56 MP: 6/6
  3021 | D:3      | Found a faded altar to an unknown god.
  3040 | D:3      | Gained mutation: Your tail ends in a poisonous barb. [potion of beneficial mutation]
  3460 | D:3      | Found a snail-covered altar of Cheibriados.
  3801 | D:4      | Found a sparkling altar of Nemelex Xobeh.
  3838 | D:4      | Reached skill level 6 in Fighting
  3926 | D:4      | Noticed Crazy Yiuf
  3933 | D:4      | Killed Crazy Yiuf
  3933 | D:4      | Your scales start taking on a glossy black colour.
  3933 | D:4      | Gained mutation: You are resistant to electric shocks. [Black Draconian growth]
  3933 | D:4      | Reached XP level 7. HP: 63/63 MP: 7/7
  4153 | D:4      | Found a sparkling altar of Nemelex Xobeh.
  4200 | D:5      | Entered Level 5 of the Dungeon
  4407 | D:5      | Acquired Trog's third power
  4956 | D:5      | Reached skill level 7 in Fighting
  5286 | D:6      | Reached skill level 1 in Evocations
  5290 | D:6      | Reached skill level 1 in Short Blades
  5290 | D:6      | Reached XP level 8. HP: 69/73 MP: 8/8
  5574 | D:6      | Reached skill level 1 in Shields
  5860 | D:7      | Reached skill level 8 in Fighting
  5928 | D:7      | Reached skill level 5 in Dodging
  6126 | D:7      | Found a staircase to the Ecumenical Temple.
  6205 | D:7      | Found a white marble altar of Elyvilon.
  6216 | D:7      | Found a bloodstained altar of Trog.
  6539 | D:8      | Reached XP level 9. HP: 82/82 MP: 11/11
  6776 | D:8      | Found a sacrificial altar of Ru.
  7250 | D:9      | Received a gift from Trog
  7454 | D:9      | Reached skill level 9 in Fighting
  7469 | D:9      | Got a warped buckler
  7480 | D:9      | Identified the +5 buckler "Bij Ysa" {rN+} (You found it on level 9 of the Dungeon)
  7515 | D:9      | Reached skill level 5 in Stealth
  7614 | D:9      | Found a radiant altar of Vehumet.
  7866 | D:9      | Found a burning altar of Makhleb.
  8037 | D:10     | Entered Level 10 of the Dungeon
  8353 | D:10     | Reached XP level 10. HP: 92/92 MP: 13/13
  8410 | D:10     | Found a staircase to the Orcish Mines.
  8958 | Orc:1    | Entered Level 1 of the Orcish Mines
  8969 | Orc:1    | Reached skill level 10 in Fighting
  9138 | Orc:2    | Noticed Sonja
  9152 | Orc:2    | Killed Sonja
  9152 | Orc:2    | Reached skill level 5 in Evocations
  9525 | Orc:2    | Received a gift from Trog
 10291 | Orc:1    | You fall through a shaft!
 11005 | Orc:3    | Received a gift from Trog
 11226 | Orc:4    | Entered Level 4 of the Orcish Mines
 11334 | Orc:4    | Reached skill level 5 in Short Blades
 11358 | Orc:4    | Reached skill level 5 in Shields
 11522 | Orc:4    | Reached XP level 11. HP: 88/101 MP: 15/15
 11556 | Orc:4    | Reached skill level 11 in Fighting
 11945 | Orc:4    | Received a gift from Trog
 12015 | Orc:4    | Found a staircase to the Elven Halls.
 12063 | Orc:4    | Noticed an orc sorcerer
 12063 | Orc:4    | Noticed an orc sorcerer
 12063 | Orc:4    | Noticed an orc sorcerer
 12063 | Orc:4    | Noticed an orc sorcerer
 12090 | Orc:4    | Killed an orc sorcerer
 12103 | Orc:4    | Killed an orc sorcerer
 12109 | Orc:4    | Killed an orc sorcerer
 12115 | Orc:4    | Killed an orc sorcerer
 12271 | Orc:4    | Noticed Saint Roka
 12427 | Orc:4    | Killed Saint Roka
 12427 | Orc:4    | Reached skill level 12 in Fighting
 12758 | Orc:4    | Noticed an orc high priest
 12773 | Orc:4    | Noticed an orc high priest
 12781 | Orc:4    | Killed an orc high priest
 12781 | Orc:4    | Reached XP level 12. HP: 94/113 MP: 17/17
 12784 | Orc:4    | Killed an orc high priest
 12912 | Orc:4    | Noticed an orc high priest
 12912 | Orc:4    | Noticed an orc high priest
 12926 | Orc:4    | Killed an orc high priest
 12936 | Orc:4    | Killed an orc high priest
 12999 | Orc:4    | Noticed an orc high priest
 13000 | Orc:4    | Found Tuthiuwn's Distillery.
 13011 | Orc:4    | Killed an orc high priest
 13150 | Orc:4    | Found a roughly hewn altar of Beogh.
 13164 | Orc:4    | Noticed an orc high priest
 13165 | Orc:4    | Found Raomm's Weapon Emporium.
 13173 | Orc:4    | Received a gift from Trog
 13245 | Orc:4    | Killed an orc high priest
 13455 | Orc:4    | Received a gift from Trog
 13479 | Orc:4    | Reached skill level 13 in Fighting
 13487 | Orc:4    | Found a roughly hewn altar of Beogh.
 13489 | Orc:4    | Found Pazolopn's Jewellery Emporium.
 13511 | Orc:4    | Found Moutzeung's Book Shoppe.
 13595 | Orc:4    | Noticed an orc knight
 13595 | Orc:4    | Noticed an orc knight
 13600 | Orc:4    | Killed an orc knight
 13602 | Orc:4    | Killed an orc knight
 13660 | Orc:4    | Bought a +4 ring of dexterity for 351 gold pieces
 13670 | Orc:4    | Got a twisted rapier {god gift}
 13675 | Orc:4    | Identified the +1 rapier of the Scorpion {pierce, rF- MR- Int+7} (Trog gifted it to you on level 4 of the Orcish Mines)
 13760 | Orc:4    | Bought a potion of agility for 64 gold pieces
 13760 | Orc:4    | Bought a potion of agility for 64 gold pieces
 13760 | Orc:4    | Bought a potion of haste for 160 gold pieces
 13760 | Orc:4    | Bought a potion of might for 64 gold pieces
 13760 | Orc:4    | Bought a potion of cancellation for 128 gold pieces
 13760 | Orc:4    | Bought a potion of haste for 160 gold pieces
 13760 | Orc:4    | Bought a potion of flight for 48 gold pieces
 13760 | Orc:4    | Bought a potion of agility for 64 gold pieces
 13760 | Orc:4    | Bought a potion of haste for 160 gold pieces
 13818 | Elf:1    | Entered Level 1 of the Elven Halls
 14443 | Elf:2    | Reached XP level 13. HP: 93/122 MP: 17/19
 14450 | Elf:2    | Noticed a deep elf death mage
 14457 | Elf:2    | Received a gift from Trog
 14463 | Elf:2    | Noticed a deep elf blademaster
 14464 | Elf:2    | HP: 4/122 [long sword of holy wrath (15)]
 14479 | Elf:2    | Demolished by a scimitar of slicing

Vault maps used:
D:1:      lemuel_arrival_funnel, ashenzari_altar_1
D:2:      okawaru_altar_gauntlet_db, first_bread,
          hangedman_decor_clover_reticule
D:3:      lemuel_round_altar, ecumenical_altar_2
D:4:      nemelex_deck, nemelex_dance_club_becter, uniq_crazy_yiuf_cottage
D:5:      hangedman_decor_riveting, kennysheep_generic_room_6
D:7:      amethyst_overflow_temple_binary, minmay_temple_entry_purple_smoke,
          serial_glass, glass_columns_b, glass_columns_b, glass_columns_c,
          glass_columns_b, glass_columns_a, glass_columns_b, glass_columns_b,
          glass_columns_b, glass_columns_b, glass_columns_a
D:8:      nicolae_ru_path_of_blood, blue_anna_alchemist
D:9:      kennysheep_mini_moat, basic_altar
D:10:     david_orc_2, minmay_crystal_room
Orc:2:    uniq_sonja
Orc:3:    nicolae_orc_pool_cavern
Orc:4:    pubby_orc_utopia
Elf:1:    eino_elf_arrival_the_gate, basic_altar, serial_shops, shop,
          minmay_elf_annihilation
Elf:2:    serial_sigils_hangedman_quiver, grunt_ministairs_2

Action                   |  1- 3 |  4- 6 |  7- 9 | 10-12 | 13-15 || total
-------------------------+-------+-------+-------+-------+-------++-------
Melee: Falchion          |   107 |   274 |       |       |       ||   381
       Rapier            |       |    13 |   303 |   794 |    14 ||  1124
Invok: Berserk           |     2 |     2 |     2 |     6 |       ||    12
       Trog's Hand       |     1 |     2 |       |    12 |       ||    15
       Burn Spellbooks   |       |     1 |     2 |     1 |       ||     4
       Brothers in Arms  |       |       |       |     1 |       ||     1
 Abil: Breathe Lightning |       |       |     2 |     5 |       ||     7
Evoke: Wand              |       |       |       |    41 |     1 ||    42
  Use: Potion            |       |     3 |       |     7 |     4 ||    14
       Scroll            |       |     1 |       |    20 |     4 ||    25
 Stab: Sleeping          |     2 |     6 |    11 |    14 |       ||    33
       Distracted        |       |       |       |     3 |       ||     3
       Confused          |       |       |       |     3 |       ||     3
  Eat: Pizza             |     1 |       |     1 |     1 |       ||     3
       Chunk             |       |    12 |    14 |    27 |       ||    53
       Fruit             |       |       |     2 |       |       ||     2
       Royal jelly       |       |       |       |     1 |       ||     1
